[Event "Croatian Team Cup Final 2022"]
[Site "Vodice"]
[Date "2022.05.21"]
[Round "5.10"]
[White "Anic, Darko"]
[Black "Vojak, Daniel"]
[Result "1/2-1/2"]
[ECO "A05"]
[WhiteElo "2390"]
[BlackElo "2335"]
[Annotator "TA"]
[PlyCount "123"]
[EventDate "2022.05.18"]
[EventType "team-tourn"]
[EventCountry "CRO"]
[SourceTitle "playchess.com"]
[Source "ChessBase"]
[SourceQuality "1"]
[TimeControl "40/5400+30:1800+30"]

1. Nf3 Nf6 2. c4 g6 3. b3 Bg7 4. Bb2 O-O 5. g3 c5 6. Bg2 Nc6 7. O-O d5 8. cxd5 Nxd5 9. Bxg7 Kxg7 10. Qc1 b6 11. d4 Nxd4 12. Nxd4 cxd4 13. Qc4 Be6 {[%emt 0:11:17][%cal Od5e3] A05: Réti Opening: 1 Nf3 Nf6.} 14. Qxd4+ Nf6 15. Qb2 Rc8 16. Na3 {[%emt 0:00:20] [#]} Qc7 $146 ({Predecessor:} 16... Rc7 17. Rad1 Rd7 18. Qa1 Kg8 19. Nb5 Bd5 20. Bxd5 Rxd5 21. Nxa7 Qd7 22. Rxd5 Nxd5 23. Rd1 Ra8 24. e4 Qxa7 25. Rxd5 Qxa2 26. Rd8+ {1-0 (26) Kaiser,W (2355)-Jergler,K (2180) Bayern 1995}) 17. Rac1 Qb8 18. Nb5 Rfd8 19. e3 Bd5 20. Rxc8 Qxc8 21. Rc1 (21. Nxa7 Qa8 22. e4 Bxe4 23. Bxe4 Qxe4 $17) 21... Qg4 22. h3 Qg5 23. Nxa7 (23. Rd1 $5 ) 23... Bxg2 24. Kxg2 {[%emt 0:00:06] Black should prevent Nc6.} Qd5+ 25. Kg1 Qh5 (25... Qd7 $11 {remains equal.} 26. Nc6 Rc8) 26. Nc6 $16 Rd6 27. Nxe7 Qxh3 28. e4 $1 {[%emt 0:02:12] [#] Hoping for e5.} Qg4 29. Nd5 {[%emt 0:01:22] White is more active.} (29. Re1 $16 {e5 is the strong threat.} Qe6 {[#]} 30. Nxg6 $1 (30. Nd5 $2 Rxd5 31. f3 Rd3 $19) (30. e5 Qxe7 31. Rc1 Re6 $11) 30... hxg6 31. e5) 29... Qxe4 $11 30. Nxf6 Rxf6 {[%emt 0:00:05][%mdl 4096] Endgame KQR-KQR} 31. Rc4 Qe1+ 32. Kg2 g5 {[%emt 0:01:15] Against Rf4} 33. Qd4 {[%emt 0:03:04] And now Rc6 would win.} Qe8 {[%emt 0:03:00] Prevents Rc6.} ({Don't play} 33... Kg6 34. Rc8 Re6 35. Rb8 $16) 34. a4 h6 35. Rc3 {[%emt 0:00:00] aiming for Rf3.} Kg6 36. Qd3+ Kg7 37. Qd4 Kg6 38. Re3 Re6 39. Qd3+ Kg7 $1 40. Qd4+ Kg6 41. Rxe6+ Qxe6 {[%emt 0:02:00] KQ-KQ} 42. b4 {[%emt 0:00:18] Black must now prevent a5.} Qc6+ 43. Kh2 Qxa4 44. Qxb6+ f6 $1 45. b5 h5 $1 46. Qc6 h4 47. Qe8+ Kh6 48. Qh8+ Kg6 49. Qg8+ Kh6 (49... Kf5 $2 50. Qd5+ Kg6 51. b6 $18) 50. Qd5 {[%emt 0:00:23] Strongly threatening b6.} hxg3+ 51. fxg3 (51. Kxg3 $5 Qb4 52. Kf3 $14) 51... Qc2+ {[%emt 0:00:24] The position is equal.} 52. Qg2 Qb1 53. Qc6 Kh5 54. Qe8+ Kh6 55. Qh8+ Kg6 56. Qg8+ Kh6 57. Qh8+ $1 Kg6 58. Qe8+ Kh6 59. Qc6 Kh5 60. Qe8+ Kh6 61. Qc6 Kh5 62. b6 {Weighted Error Value: White=0.06 (flawless) /Black=0.05 (flawless)} 1/2-1/2

[Event "Croatian Team Cup Final 2022"]
[Site "Vodice"]
[Date "2022.05.21"]
[Round "5.11"]
[White "Cupic, Lovro"]
[Black "Biti, Ozren"]
[Result "1-0"]
[ECO "C41"]
[WhiteElo "2271"]
[BlackElo "2334"]
[Annotator "TA"]
[PlyCount "63"]
[EventDate "2022.05.18"]
[EventType "team-tourn"]
[EventCountry "CRO"]
[SourceTitle "playchess.com"]
[Source "ChessBase"]
[SourceQuality "1"]
[TimeControl "40/5400+30:1800+30"]

1. e4 d6 2. d4 Nf6 3. Nc3 e5 4. Nf3 Nbd7 5. Bc4 Be7 6. a4 O-O 7. O-O a5 8. Re1 c6 {[%emt 0:00:30] 8...b6 is not played anymore.} 9. h3 h6 10. Be3 Re8 {[%emt 0:01:32] C41: Philidor Defence.} 11. Qd3 {[%emt 0:05:37] [#]} exd4 $146 ({Predecessor:} 11... Qc7 12. Rad1 exd4 13. Qxd4 Ne5 14. Nxe5 dxe5 15. Qb6 Qxb6 16. Bxb6 Bb4 17. Re3 Be6 18. Bxe6 Rxe6 {1-0 (67) Preotu,R (2452)-Sambuev,B (2532) Kitchener 2015}) 12. Bxd4 Bf8 {[%emt 0:20:31] White is slightly better.} 13. Rad1 Qc7 14. Nd2 {[%emt 0:07:49] White is much more active.} Ne5 15. Qg3 g5 16. Be2 {[%emt 0:01:25] Against Nh5. Strongly threatening f4.} Nh7 ({Better is} 16... Bg7) 17. f4 Ng6 18. fxg5 hxg5 19. Nf3 Qe7 20. Bc4 Ne5 21. Bb3 $36 {[%emt 0:04:48][%mdl 2048] White has strong initiative.} Kh8 (21... Bg7 $16) 22. Rf1 $18 {[%emt 0:00:57][%cal Ob3f7,Be1f1,Bf1f4,Bf4h4][%mdl 32] aiming for Bxf7!} f6 {[%emt 0:00:37] [#]} 23. Nh4 $1 {[%emt 0:00:09][%mdl 512] And now Bxe5 would win.} Bg7 $2 {[%emt 0:05:49] [#] This costs Black the game.} (23... Qg7 $16 {keeps fighting.}) (23... Qc7 24. Nf5) 24. Qxe5 $3 gxh4 25. Qh5 {[%emt 0:00:19] Rf4 is the strong threat.} Bd7 $2 (25... Be6 26. Bxe6 Qxe6 27. Qxh4 Kg8) 26. Rf4 f5 27. Bxg7+ Qxg7 28. Rxd6 Re7 29. Rxh4 Rf8 30. Rh6 f4 31. Qc5 f3 32. Rxh7+ {[%emt 0:00:11] Weighted Error Value: White=0.07 (flawless) /Black=0.67} 1-0

[Event "Croatian Team Cup Final 2022"]
[Site "Vodice"]
[Date "2022.05.21"]
[Round "5.12"]
[White "Jusic, Zdenko"]
[Black "Novosel, Lovro"]
[Result "0-1"]
[ECO "B23"]
[WhiteElo "2236"]
[BlackElo "2279"]
[Annotator "TA"]
[PlyCount "88"]
[EventDate "2022.05.18"]
[EventType "team-tourn"]
[EventCountry "CRO"]
[SourceTitle "playchess.com"]
[Source "ChessBase"]
[SourceQuality "1"]
[TimeControl "40/5400+30:1800+30"]

1. e4 c5 2. Nc3 a6 3. f4 b5 4. d3 Bb7 5. Nf3 e6 6. Be2 {[%emt 0:01:08] B23: Closed Sicilian: Lines without g3.} d6 {[%emt 0:01:15] [#]} (6... d5 {seems wilder.} 7. f5 dxe4 8. fxe6 exf3 9. exf7+ Kxf7 10. Bxf3 Nc6) 7. g4 $146 (7. O-O $11) ({Predecessor:} 7. O-O Qc7 8. f5 exf5 9. exf5 Nf6 10. Qe1 Be7 11. Ng5 O-O 12. Qg3 Nc6 13. Nce4 {0-1 (39) Schmidt,N (1607)-Fabregas,O (1907) Playchess.com INT 2021}) 7... Nf6 8. g5 {[%emt 0:00:53] Black has an edge.} Nfd7 9. Be3 b4 10. Nb1 Nc6 11. O-O Be7 12. Qe1 Qc7 13. a3 g6 ({Black should try} 13... d5 $11) 14. Nbd2 Nb6 (14... d5 $11) 15. c3 ({Better is} 15. axb4 $16 Nxb4 16. Qb1) 15... bxc3 $11 16. bxc3 d5 17. Qf2 Nd7 18. Rab1 dxe4 19. dxe4 Na5 20. c4 O-O {[%emt 0:01:18] [#]} 21. e5 (21. h4 $1 $16) 21... Rab8 22. Bd3 Rfd8 23. Bc2 (23. Rfc1 $15) 23... Nb6 $17 24. Qe2 Nc6 25. Ne4 {[%emt 0:09:11] [#]} (25. Be4 $17) 25... Nd4 $1 $19 26. Bxd4 Bxe4 $2 (26... cxd4 $19 27. Nfd2 Bxe4 28. Bxe4 Na4 29. Rxb8 Rxb8) 27. Bxe4 ({Of course not} 27. Qxe4 cxd4 28. Bd3 (28. Nxd4 $2 Rxd4 29. Qe2 Nxc4 $19) 28... Na4 29. Rxb8 (29. Nxd4 $2 Nc3 $19) 29... Rxb8 $19) (27. Be3 $11 {keeps the balance.} Qc6 28. Bxe4 Qxe4 29. Nd2) 27... cxd4 $17 {[%emt 0:00:05] Black continues to play with concentration.} 28. Bd3 Na4 {[%emt 0:01:50] White must now prevent ...Nc3.} 29. Rxb8 (29. Qc2 $17 Qa5 30. Kg2 (30. Rxb8 $2 Rxb8 31. Qd2 Qc3 $19)) 29... Rxb8 $19 30. Qc2 Qa5 ({Stronger than} 30... Qd7 31. Rb1 Rxb1+ 32. Qxb1 $17) 31. Kh1 (31. Qd2 {is a better defense.} Qc3 32. Qxc3 dxc3 33. Kg2) 31... Rb2 32. Qd1 (32. Qc1 {was the only defense.}) 32... Nc5 33. Bb1 Qxa3 34. Qxd4 {[%emt 0:00:17] [#]} (34. Nxd4 $142 Qc3 35. Bc2) 34... Rxb1 $1 35. Rxb1 (35. Qg1 Rxf1) 35... Qxf3+ 36. Kg1 Nb3 (36... Nd3 $142 37. Rf1 Qe2) 37. Rxb3 Qxb3 38. Qa7 Qb1+ 39. Kg2 Qa2+ 40. Kg3 Qa3+ 41. Kg4 Kg7 42. Qd7 Qc5 {[%emt 0:00:57] ( -> ...Qg1+)} 43. h4 Qg1+ 44. Kf3 Bc5 {[%emt 0:00:24] Weighted Error Value: White=1.21/Black=0.52} 0-1

[Event "Croatian Team Cup Final 2022"]
[Site "Vodice"]
[Date "2022.05.21"]
[Round "5.13"]
[White "Skuhala, Jernej"]
[Black "Plenkovic, Zdenko"]
[Result "1-0"]
[ECO "B33"]
[WhiteElo "2378"]
[BlackElo "2375"]
[Annotator "TA"]
[PlyCount "81"]
[EventDate "2022.05.18"]
[EventType "team-tourn"]
[EventCountry "CRO"]
[SourceTitle "playchess.com"]
[Source "ChessBase"]
[SourceQuality "1"]
[TimeControl "40/5400+30:1800+30"]

1. e4 c5 2. Nf3 Nc6 3. d4 cxd4 4. Nxd4 Qb6 5. Nb3 Nf6 6. Nc3 e6 7. Be3 Qc7 8. Bd3 a6 9. f4 {[%emt 0:05:22] B33: Sicilian: Pelikan and Sveshnikov Variations.} b5 10. e5 (10. O-O $5 ) 10... b4 $1 11. Ne4 {[%emt 0:00:30] White is slightly better.} (11. Na4 $5 Nd5 12. Qf3 $14) 11... Nxe4 12. Bxe4 Bb7 13. Nc5 {[%emt 0:06:31] [#]} Be7 $146 (13... Bxc5 $11 14. Bxc5 Rc8) ({Predecessor:} 13... Bxc5 14. Bxc5 Rc8 15. Qd6 Qxd6 16. Bxd6 Na5 17. Bxb7 Nxb7 18. Bxb4 Rxc2 19. O-O d5 20. exd6 {1-0 (64) Nukin,A (2352)-Kozlovsky,A (2340) Tomsk 2012}) 14. Nxb7 $16 {[%emt 0:01:36] 0x0.001a2c288041dp-1022s more active pieces. The black rooks are badly placed.} Qxb7 15. Qd3 f5 (15... a5 $16) 16. exf6 $18 gxf6 17. f5 (17. Bxh7 f5 $16) 17... d5 18. Bf3 O-O-O 19. Be2 e5 20. Qxa6 (20. Bf2 $16) 20... Qxa6 $11 21. Bxa6+ Kc7 22. Be2 Ra8 23. g4 d4 24. Bh6 b3 (24... Bf8 $11 {keeps the balance.} 25. Bxf8 Rhxf8) 25. cxb3 $16 e4 {[%emt 0:00:25] Prevents Bf3.} 26. Bc4 Nb4 {[%emt 0:02:50] Prevents Bd5.} (26... Kb6 $142) 27. Kd2 Nxa2 28. Bd5 e3+ 29. Ke2 {[%emt 0:00:09] Strongly threatening b4.} Ra5 30. Bc4 {[%emt 0:00:58] This bishop pair is nice.} Rha8 {[%emt 0:03:26][%cal Oa2c3] [#]} 31. Rad1 $1 Rd8 32. Rhf1 (32. Bf4+ $18 {is more deadly.} Kc6 33. Ra1) 32... Nb4 33. g5 $36 {[%emt 0:00:50][%mdl 2048] g6 is the strong threat. White is really pushing.} fxg5 {[%emt 0:04:29] Black cannot hold the game after this.} (33... Ra2 $16 {is a better defense.}) 34. f6 $18 Bc5 {[%emt 0:00:03] White must now prevent ...Ra2.} 35. Rf5 {[%emt 0:04:52] Threatens to win with f7.} ({Weaker is} 35. Bxg5 Ra2 $16) 35... Kb6 $2 (35... d3+ 36. Bxd3 Nc6) 36. f7 Ra2 37. Rb1 {[%emt 0:00:23][%cal Of5c5] Hoping for Rxc5!} d3+ 38. Kf3 {[%emt 0:01:14][%cal Of5c5] aiming for Rxc5!} g4+ 39. Kxg4 {[%emt 0:00:22][%cal Of5c5] And now Rxc5! would win. Really sharp!} ({Much less strong is} 39. Ke4 Raa8 40. Rf6+ Kc7 41. Bxe3 Bxe3 $18) 39... Nc2 {[%emt 0:01:15] [#]} (39... Rd4+ $2 40. Kf3 Ra7 41. f8=Q $18) (39... Raa8 $142 40. Rxc5 Kxc5) 40. Rxc5 $1 Kxc5 {[%emt 0:00:00] [#]} 41. Bxd3 $1 {[%emt 0:00:52][%mdl 512] Weighted Error Value: White=0.14 (very precise) /Black=0.33} 1-0

[Event "Croatian Team Cup Final 2022"]
[Site "Vodice"]
[Date "2022.05.21"]
[Round "5.14"]
[White "Bilobrk, Franjo"]
[Black "Segovic, Goran"]
[Result "0-1"]
[ECO "E52"]
[WhiteElo "2347"]
[BlackElo "2291"]
[Annotator "TA"]
[PlyCount "86"]
[EventDate "2022.05.18"]
[EventType "team-tourn"]
[EventCountry "CRO"]
[SourceTitle "playchess.com"]
[Source "ChessBase"]
[SourceQuality "1"]
[TimeControl "40/5400+30:1800+30"]

1. d4 Nf6 2. c4 e6 3. Nc3 Bb4 4. e3 O-O 5. Bd2 b6 6. Nf3 Bb7 7. Bd3 d5 8. cxd5 {[%emt 0:01:32] 8.cxd5 is better than 8.0-0.} exd5 9. O-O a6 10. Ne5 {[%emt 0:01:35] E52: Nimzo-Indian: Rubinstein: 4...0-0 5 Nf3 d5 6 Bd3 b6.} Bd6 11. f4 c5 12. Rc1 {[%emt 0:12:51] White has an edge.} Nc6 13. Be1 cxd4 14. Nxc6 Bxc6 15. Ne2 Bb5 16. Nxd4 Bxd3 17. Qxd3 {[%emt 0:00:03] [#]} Qd7 $146 (17... Re8 $11) ({Predecessor:} 17... Ne4 18. Nf5 g6 19. Nh6+ Kg7 20. Qxd5 Qe7 21. Ng4 Rad8 22. Rc4 Rfe8 23. Rxe4 Qxe4 {0-1 (49) Praggnanandhaa,R (2608)-Liang,A (2592) chess24.com INT 2021}) 18. Nf5 $1 $14 Rfe8 19. Bc3 d4 (19... Be7 $14) 20. Bxd4 Bc5 21. Rfd1 ({Avoid the trap} 21. Nxg7 $2 Rxe3 $3 22. Qc4 (22. Qxe3 $2 Bxd4 23. Nf5 Bxe3+ $19) 22... Bxd4 $19) 21... Rad8 22. Qc2 Bxd4 23. Rxd4 ({Better is} 23. Nxd4 $14 Qe7 24. Rd3) 23... Qe6 $11 24. Rxd8 Rxd8 25. Re1 g6 26. Qc7 Rd2 27. Qc3 {[%emt 0:00:44] And now Nh6+ would win.} Rd8 28. Nd4 Qxa2 29. e4 (29. Qc7 $5 Re8 30. Qxb6 $14) 29... Qa4 30. b4 Qd7 31. Nc6 Qd2 32. Qa1 (32. Qxd2 $11 Rxd2 33. g3) 32... Re8 $17 {[%emt 0:01:34] White must now prevent ...Ng4.} 33. e5 $2 (33. Qc1 $17 {is more resistant.} Qxc1 34. Rxc1) 33... Ng4 $19 {[%emt 0:00:16][%cal Bf6g4,Bg4f2,Bf2d3][%mdl 32] aiming for ...Qf2+.} 34. Qc1 (34. Rf1 $142 Qe3+ 35. Kh1 Nf2+ 36. Rxf2 (36. Kg1 $2 {leads to mate.} Nh3+ 37. Kh1 Qg1+ 38. Rxg1 Nf2#) 36... Qxf2 37. Qc1) 34... Qf2+ $40 {[%emt 0:00:36][%mdl 128] Black has some attack.} ({Stronger than} 34... Qa2 35. h3 Qf2+ 36. Kh1 $11) 35. Kh1 {[%emt 0:00:05] [#]} Qh4 $1 {[%emt 0:00:23][%csl Gg4][%cal Rh4h2] Black is clearly winning.} 36. h3 Nf2+ 37. Kh2 {[%emt 0:00:18] [#]} Nd3 $1 38. g3 Qh5 39. Qe3 Nxe1 40. Qxe1 Qf3 41. b5 axb5 42. Nd4 Qd3 43. Qb4 Ra8 {[%emt 0:01:01] Weighted Error Value: White=0.70/Black=0.07 (flawless)} (43... Rd8 $142 44. Qxb5 Qxd4) 0-1

[Event "Croatian Team Cup Final 2022"]
[Site "Vodice"]
[Date "2022.05.21"]
[Round "5.15"]
[White "Zadravec, Matija"]
[Black "Sinanovic, Muhamed"]
[Result "0-1"]
[ECO "B43"]
[WhiteElo "2263"]
[BlackElo "2300"]
[Annotator "TA"]
[PlyCount "92"]
[EventDate "2022.05.18"]
[EventType "team-tourn"]
[EventCountry "CRO"]
[SourceTitle "playchess.com"]
[Source "ChessBase"]
[SourceQuality "1"]
[TimeControl "40/5400+30:1800+30"]

1. e4 c5 2. Nc3 e6 3. Nge2 a6 4. g3 b5 5. Bg2 Bb7 6. d4 cxd4 7. Nxd4 Nf6 8. O-O {[%emt 0:02:24] B43: Sicilian: Kan Variation: 5 Nc3.} Bb4 $2 (8... b4 $11 9. e5 Bxg2 10. Kxg2 bxc3 11. exf6 Qxf6) 9. e5 (9. a4 $16) 9... Bxg2 $14 10. Kxg2 {[%emt 0:00:03] White is slightly better.} Bxc3 11. bxc3 Nd5 12. Qg4 Kf8 13. a4 Nc6 14. Nxc6 dxc6 {[%emt 0:00:07] [#]} 15. h4 $146 ({Predecessor:} 15. c4 h5 16. Qd4 bxc4 17. Qxc4 Kg8 18. Qc5 Qb8 19. Re1 Qb4 20. Ba3 Qg4 21. f3 Nf4+ 22. Kf2 Nh3+ 23. Kg2 Nf4+ 24. Kf2 Nh3+ 25. Kg2 {½-½ (25) Berger,S (2278)-Murdzia,P (2446) Hamburg 2003}) 15... h5 16. Qe4 Kg8 17. c4 $36 {[%emt 0:03:23][%mdl 2048] White is more active.} Nb6 $2 (17... bxc4 $11 {and Black has nothing to worry.} 18. Qxc4 c5) 18. Bg5 ({Worse is} 18. Qxc6 Rc8 19. Qd6 Nxc4 20. Qxd8+ Rxd8 $11) 18... Qe8 19. axb5 cxb5 20. cxb5 axb5 21. Rfb1 Rxa1 (21... Rc8 $16) 22. Rxa1 $18 Nd5 (22... Qc8 $142 23. Qf3 Qxc2) 23. Ra7 g6 (23... Qc6 $142 24. Kg1 (24. Qf3 Nb4 $16) 24... Qc8) 24. Bf6 {[%emt 0:01:56] Hoping for Qf3.} Kh7 25. Bxh8 Kxh8 {[%emt 0:00:03][%mdl 4096] Endgame KQR-KQN} 26. c4 bxc4 27. Qxc4 Kg7 28. Qa6 {[%emt 0:02:43] And now Qb7 would win.} Ne7 29. Rc7 {[%emt 0:03:19] Inhibits Qc6+. aiming for Qb7.} Nf5 30. Qb7 {[%emt 0:03:14] Black must now prevent Kh3.} Nh6 31. Rd7 {[%emt 0:07:40] Against Qd8} Qf8 32. Re7 $1 Ng4 33. f4 $2 (33. Qa7 $1 $18) 33... Ne3+ {[%emt 0:01:37] [#]} (33... Kg8 $11 {remains equal.}) 34. Kh3 $1 $16 {[%emt 0:00:39] Qa7 is the strong threat.} Nf5 {[%emt 0:00:45] [#]} 35. Rd7 (35. Rc7 $1 $16) 35... Nh6 $1 $14 36. Qc6 {[%emt 0:01:54] Against Qc5. Strongly threatening Qxe6.} Qa3 $2 (36... Qe8 $11 {and Black is okay.}) 37. Qxe6 $1 $18 {[%emt 0:01:52] White threatens Qf6+ and mate.} Qf3 38. Qa2 $4 (38. Qf6+ $18 Kh7 39. Rxf7+ Nxf7 40. Qxf7+ Kh6 41. Qa2) 38... Qg4+ $19 39. Kg2 Qxd7 40. Qb2 Qd5+ 41. Kg1 Kh7 {[%emt 0:01:13] Threatens to win with ...Ng4.} 42. Qc3 Qd1+ {[%emt 0:00:28] Black mates.} 43. Kg2 Qe2+ 44. Kg1 Ng4 45. Qc5 Ne3 46. Qc6 Qf1+ {[%emt 0:00:08] Weighted Error Value: White=0.65/Black=0.41} 0-1

[Event "Croatian Team Cup Final 2022"]
[Site "Vodice"]
[Date "2022.05.21"]
[Round "5.16"]
[White "Zelic, Mladen"]
[Black "Makovec, Bruno"]
[Result "0-1"]
[ECO "B14"]
[WhiteElo "2247"]
[BlackElo "2215"]
[Annotator "TA"]
[PlyCount "64"]
[EventDate "2022.05.18"]
[EventType "team-tourn"]
[EventCountry "CRO"]
[SourceTitle "playchess.com"]
[Source "ChessBase"]
[SourceQuality "1"]
[TimeControl "40/5400+30:1800+30"]

1. e4 c6 2. d4 d5 3. exd5 cxd5 4. c4 Nf6 5. Nc3 g6 6. Qb3 Bg7 7. cxd5 O-O 8. Be2 Nbd7 9. Bf3 Nb6 10. Nge2 Bg4 11. Bxg4 Nxg4 12. Bf4 {[%emt 0:00:50] 12.0-0 gains popularity.} Nf6 13. d6 exd6 14. d5 {[%emt 0:00:48] B14: Caro-Kann: Panov-Botvinnik Attack with 5...e6 and 5...g6.} Re8 15. Rd1 Ne4 16. O-O {[%emt 0:04:01] Black is slightly better.} Nc5 {[%emt 0:02:25] [#]} 17. Qb4 $146 ({Predecessor:} 17. Qc2 Rc8 18. Be3 Rxe3 19. fxe3 Nc4 20. Rf3 Qe7 21. Kf2 Re8 22. Qc1 Ne5 23. e4 Nxf3 24. gxf3 {0-1 (39) Vorobjov,D (2242)-Dmitrenko,V (2362) Kostroma 2007}) 17... a6 18. a4 (18. b3 $11) 18... Nbxa4 $17 19. Nxa4 (19. Be3 $17 {keeps fighting.} a5 20. Qa3 Nxc3 21. Nxc3) 19... Nxa4 ({Not} 19... Rxe2 20. Nxc5 dxc5 21. Qxb7 $11) (19... Re4 $19 20. Qd2 Rxa4) 20. Qxa4 Rxe2 21. b3 b5 22. Qb4 Be5 23. Be3 (23. Bxe5 $17 Rxe5 24. h3) 23... Qd7 $19 24. Rc1 (24. Qa3 $142) 24... Rc8 $2 (24... a5 $19 {is more deadly.} 25. Qh4 a4 26. bxa4 bxa4) 25. Qa5 $17 Bb2 {[%emt 0:07:10] Black is more active.} (25... Qf5 {keeps more tension.} 26. Qxa6 Rxc1 27. Rxc1 Qe4) 26. Rxc8+ Qxc8 27. Qb6 Be5 {[%emt 0:01:09] And now ...h5 would win.} (27... Ba3 $5 ) 28. g3 $2 {[%emt 0:03:28] This move loses the game for White.} (28. Bh6 $1 $15) 28... Kg7 {[%emt 0:03:21] ...Qc3 is the strong threat.} 29. f4 $2 (29. Bd4 {is a better chance.}) 29... Bf6 $19 {[%emt 0:03:11] [#] Threatens to win with ...Qc3.} ({Worse is} 29... Qh3 30. Bf2 Bf6 31. Qxa6 $17) 30. Rc1 {[%emt 0:00:37] Inhibits Qc3.} (30. Rf2 $142 Qc2 31. Rxe2 Qxe2 32. h4) 30... Qf5 31. Bf2 Qxd5 32. Qxa6 {[%emt 0:01:37] [#]} Rxf2 $1 {[%emt 0:01:00][%mdl 512] Weighted Error Value: White=1.15/Black=0.46} 0-1

[Event "Croatian Team Cup Final 2022"]
[Site "Vodice"]
[Date "2022.05.21"]
[Round "5.17"]
[White "Jovanovic, Zoran"]
[Black "Trbojevic, Mladen"]
[Result "1-0"]
[ECO "B00"]
[WhiteElo "2523"]
[BlackElo "2337"]
[Annotator "TA"]
[PlyCount "63"]
[EventDate "2022.05.18"]
[EventType "team-tourn"]
[EventCountry "CRO"]
[SourceTitle "playchess.com"]
[Source "ChessBase"]
[SourceQuality "1"]
[TimeControl "40/5400+30:1800+30"]

1. e4 Nc6 2. Nf3 d6 3. d4 Nf6 4. Nc3 g6 5. Be3 a6 6. d5 {[%emt 0:09:14] B00: Queen's Fianchetto Defence, Nimzowitsch Defence.} Nb8 {[%emt 0:00:34] [#]} 7. Qd2 $146 ({Predecessor:} 7. h3 Bg7 8. Qd2 c6 9. Bh6 O-O 10. g4 b5 11. Bxg7 Kxg7 12. g5 Nh5 13. O-O-O cxd5 14. Nxd5 {1-0 (31) Green,A (2127)-Mortazavi,A (2353) Chess.com INT 2018}) 7... b5 8. a3 {[%emt 0:04:58] White is slightly better.} Bg7 9. Bh6 O-O 10. h4 Bg4 {[%emt 0:06:34] [#]} ({Black should try} 10... Bxh6 11. Qxh6 Ng4) 11. Nh2 {[%emt 0:08:02] White is more active.} (11. h5 $142 $1) 11... Bd7 (11... Bxh6 $142 12. Qxh6 e5) 12. h5 $16 a5 $2 (12... Nxh5 $16 {is a better defense.} 13. Be2 e5) 13. hxg6 $18 fxg6 14. Bxg7 Kxg7 15. Nf3 (15. Bxb5 Qe8 $18) (15. Nxb5 Nxe4 16. Qd4+ Nf6 $11) 15... Kg8 16. Qh6 e6 17. dxe6 Bxe6 18. Bxb5 ({Resist} 18. Ng5 Qe7 19. Nxb5 Na6 $18) 18... Qe7 19. Ng5 c6 20. Ba4 Ra7 21. f3 Bc4 22. O-O-O Qe5 23. Nh3 d5 24. Qg5 Qc7 (24... Re7 25. Qxe5 Rxe5) 25. exd5 Nxd5 26. Qh4 ({Less strong is} 26. Nxd5 Bxd5 27. Qh4 Qe7 $18) 26... Nb6 27. Rd4 Nxa4 28. Nxa4 ({Not} 28. Rxc4 Nxc3 29. Rxc3 Qe5 $18) 28... Bd5 29. Nf4 {[%emt 0:01:53][%cal Of4g6] [#] Nxg6! is the strong threat. Pair of Knights!} Qg7 30. Nxd5 cxd5 31. Rxd5 Nc6 $2 (31... Qf7) 32. Qc4 {[%emt 0:00:08][%csl LRa5,LRc6] Black got outplayed after the opening.  Weighted Error Value: White=0.24 (precise) /Black=0.44} 1-0

[Event "Croatian Team Cup Final 2022"]
[Site "Vodice"]
[Date "2022.05.21"]
[Round "5.19"]
[White "Blazeka, Matej"]
[Black "Tomasic, Roland"]
[Result "1-0"]
[ECO "B50"]
[WhiteElo "2333"]
[BlackElo "2108"]
[Annotator "TA"]
[PlyCount "112"]
[EventDate "2022.05.18"]
[EventType "team-tourn"]
[EventCountry "CRO"]
[SourceTitle "playchess.com"]
[Source "ChessBase"]
[SourceQuality "1"]
[TimeControl "40/5400+30:1800+30"]

1. e4 c5 2. b3 d6 3. Bb2 e6 4. Nf3 Nf6 5. e5 dxe5 6. Nxe5 a6 {[%emt 0:02:05] B50: Sicilian: 2...d6, Miscellaneous.} 7. f4 Be7 8. Bd3 {[%emt 0:00:50] [#]} Qc7 $146 {[%emt 0:06:39] The position is equal.} ({Predecessor:} 8... Nbd7 9. Qf3 Qc7 10. O-O O-O 11. a4 Re8 12. Na3 b6 13. Rae1 Bb7 14. Qh3 Nf8 {0-1 (34) Leone,J (2096)-Justo,V (2110) Buenos Aires 2010}) 9. Qf3 Nc6 (9... Bd7 $11 {remains equal.}) 10. Nxc6 $16 Qxc6 11. Qxc6+ bxc6 12. O-O O-O 13. Na3 (13. Be2 $16) 13... Rd8 14. Nc4 Ra7 ({Better is} 14... a5) 15. Na5 Bd7 16. Rae1 Be8 17. f5 {[%emt 0:04:56] 0x0.0019216519bcdp-1022s more active pieces.} exf5 18. Rxf5 Rd5 (18... Nd5 $16 {was necessary.} 19. Rfe5 h6) 19. Bxf6 $18 gxf6 20. Be4 Rxf5 21. Bxf5 h6 22. Be4 Bd8 23. Bxc6 Bxa5 (23... Bd7 $16 {keeps fighting.}) 24. Rxe8+ $16 {[%emt 0:00:04][%mdl 4096] Endgame KRB-KRB} Kg7 25. c3 Bc7 26. Re4 f5 27. Rc4 Bb6 28. Kf1 Rc7 29. Ba4 Re7 {[%emt 0:01:56] [#]} 30. b4 $1 cxb4 31. Rxb4 Bc5 32. Rf4 Bd6 33. Rxf5 Bxh2 34. Kf2 {[%emt 0:00:18] [#] Prevents Bg3+. Strongly threatening g3.} Bc7 35. d4 Bb6 36. Rf3 Kg6 37. Bc2+ Kg7 38. Bb3 Kg6 39. Re3 Rc7 40. Ke2 Kg5 41. Rg3+ Kf6 42. Rf3+ Kg6 43. Kd3 f5 44. Be6 Ba5 45. Bxf5+ Kg5 46. c4 Rb7 $2 (46... Rf7 47. Ke4 Re7+ 48. Kd5 Rf7) 47. Bc8 Rb2 48. Rf5+ Kh4 49. Rxa5 Rxg2 50. Rxa6 $18 {[%emt 0:00:30] KRB-KR. White mates.} h5 51. Ra5 Rg1 52. Re5 Rd1+ 53. Ke4 Ra1 54. c5 Rxa2 55. c6 Rc2 56. Rc5 Re2+ {[%emt 0:00:06] Weighted Error Value: White=0.08 (flawless) /Black=0.35} 1-0